 Dungeon Crawl Stone Soup version 0.32-a0-791-gfc315c9ecd (webtiles) character file.

Game seed: 3120734770748624130

546 jasper the Chopper (level 7, -20/53 HPs)
             Began as a Mummy Cinder Acolyte on Mar 20, 2024.
             Was a High Priest of Ignis.
             Demolished by a cyclops (25 damage)
             ... on level 7 of the Dungeon.
             The game lasted 00:07:38 (3600 turns).

jasper the Chopper (Mummy Cinder Acolyte)           Turns: 3600, Time: 00:07:39

Health: -20/53     AC: 20    Str: 19    XL:     7   Next: 6%
Magic:  9/9        EV:  4    Int: 14    God:    Ignis [*****.]
Gold:   206        SH:  0    Dex:  7    Spells: 8/8 levels left

rFire   . . .        a - -1 hand axe (flame)
rCold   + . .        (no shield)
rNeg    + + +        g - +0 plate armour
rPois   ∞            (no helmet)
rElec   .            l - +0 cloak
rCorr   .            (no gloves)
SInv    .            o - +0 pair of boots
Will    .....        (no amulet) Stlth
                     (no ring)
HPRegen 0.28/turn    (no ring)
MPRegen 0.11/turn

%: faith
@: fiery-armoured
A: cold resistance 1, negative energy resistance 3, torment resistance 2, heat
vulnerability 1, in touch with death 1, no potions, faith
a: Renounce Religion, Fiery Armour, Foxfire Swarm, Rising Flame


You were on level 7 of the Dungeon.
You worshipped Ignis.
Ignis was extremely pleased with you.
You visited 1 branch of the dungeon, and saw 5 of its levels.
You also visited: Sewer.

You collected 206 gold pieces.

Inventory:

Hand Weapons
 a - a -1 hand axe of flaming (weapon)
 n - a +0 whip of electrocution
Missiles
 e - 38 stones (quivered)
 m - 12 poisoned darts
Armour
 b - a +0 robe
 c - a +0 chain mail
 g - a +0 plate armour (worn)
 l - a +0 cloak (worn)
 o - a +0 pair of boots (worn)
Jewellery
 q - a +6 ring of dexterity
Wands
 h - a wand of paralysis (9)
Scrolls
 d - a scroll of blinking
 f - 2 scrolls of brand weapon
 i - 2 scrolls of summoning
 j - a scroll of identify
 k - a scroll of immolation
 p - a scroll of enchant armour {unknown}


   Skills:
 + Level 3.9 Fighting
 * Level 5.9 Axes
 + Level 2.0 Armour
 - Level 1.3 Spellcasting
 - Level 2.4 Fire Magic


You had 8 spell levels left.
You didn't know any spells.
Your spell library contained the following spells:

 Spells                   Type           Power      Damage    Failure   Level
 Scorch                   Fire           14%        2d5       99%         2
 Kiss of Death            Conj/Necr      4%         2d5       100%        1
 Cigotuvi's Dreadful Rot  Necr/Alch/Air  2%         N/A       100%        2
 Confusing Touch          Hex            0%         N/A       100%        3
 Dazzling Flash           Conj/Hex       0%         N/A       100%        3
 Mephitic Cloud           Conj/Alch/Air  0%         N/A       100%        3
 Dispel Undead            Necr           1%         3d6       100%        4
 Fulminant Prism          Conj/Alch      0%         3d5       100%        4
 Petrify                  Alch/Erth      0%         N/A       100%        4
 Curse of Agony           Necr           1%         N/A       100%        5
 Silence                  Hex/Air        0%         N/A       100%        5
 Plasma Beam              Fire/Air       2%         2x1d12    100%        6


Dungeon Overview and Level Annotations

Branches:
Dungeon (4/15)              Sewer (visited)
 Temple: D:4-7

Altars:
Qazlal


Innate Abilities, Weirdness & Mutations

You are immune to poison.
Your flesh is cold resistant. (rC+)
You are immune to negative energy. (rN+++)
You are immune to unholy pain and torment.
You are vulnerable to heat. (rF-)
You are in touch with the powers of death.
You do not drink.
You have a special connection with the divine. (Faith)


Message History

Ouch! That really hurt!
* * * LOW HITPOINT WARNING * * *
The cyclops is burned by your cloak of flames.
The cyclops is lightly wounded.
You take 25 damage, and have 10/48 hp.
MASSIVE DAMAGE!!
You hit the cyclops. You burn the cyclops.
The cyclops is lightly wounded.
The cyclops hits you.
* * * LOW HITPOINT WARNING * * *
The cyclops is burned by your cloak of flames.
The cyclops is moderately wounded.
You take 4 damage, and have 6/48 hp.
You can't drink.
Unknown command.
Okay, then.
You hit the cyclops but do no damage.
The cyclops is moderately wounded.
You hit the scorpion. You burn the scorpion. The scorpion stings you.
* * * LOW HITPOINT WARNING * * *
The scorpion is burned by your cloak of flames.
The scorpion is severely wounded.
You hit the cyclops but do no damage.
The cyclops is moderately wounded.
You hit the scorpion. You burn the scorpion.
The scorpion stings you but does no damage.
The scorpion is burned by your cloak of flames.
You kill the scorpion!
The cyclops hits you.
* * * LOW HITPOINT WARNING * * *
The cyclops is burned by your cloak of flames.
The cyclops is moderately wounded.
Your Armour skill increases to level 2!
You have reached level 7!
You take 2 damage, and have 4/53 hp.
MP restored: 9 You hit the cyclops but do no damage.
The cyclops is moderately wounded.
The cyclops hits you!!
You die...
Ignis goes out, and joins you in death.

### ### ?..
..# ####.##.#
......#.# #
PPPP...C###.#
......†@....#
###.###..####
# ##...#
##.#....####
+............
##.#....#.###
#.##.#.#.# #
....# # #####


You could see a cyclops.

Vanquished Creatures
  An ice beast (D:4)
  2 scorpions
  An orc priest (D:4)
  Jessica (D:3)
  An orc wizard (D:4)
  9 adders
  7 river rats (Sewer)
  3 dart slugs
  A ribbon worm (D:2)
  4 orcs
  13 ball pythons
  7 endoplasms
  7 giant cockroaches
  2 goblins
  9 hobgoblins
  2 quokkas
  5 bats
  3 frilled lizards (Sewer)
  19 kobolds
  17 rats
114 creatures vanquished.

Notes
Turn   | Place    | Note
-------+----------+-------------------------------------------
     0 | D:1      | jasper the Mummy Cinder Acolyte began the quest for the
                  | Orb.
     0 | D:1      | Reached XP level 1. HP: 18/18 MP: 2/2
   249 | D:1      | Reached skill level 3 in Axes
   249 | D:1      | Reached XP level 2. HP: 24/24 MP: 4/4
   578 | D:2      | Got the Folio of the Contaminated Bonfire
   670 | D:2      | Reached XP level 3. HP: 28/29 MP: 5/5
  1291 | D:3      | Reached skill level 4 in Axes
  1390 | D:3      | Noticed Jessica
  1397 | D:3      | Killed Jessica
  1398 | D:3      | Reached XP level 4. HP: 29/35 MP: 6/6
  1464 | D:3      | Noticed a scorpion
  1487 | D:3      | Killed a scorpion
  1488 | D:3      | Reached skill level 5 in Axes
  1488 | D:3      | Reached XP level 5. HP: 28/41 MP: 7/7
  1710 | D:3      | Found a glowing drain.
  1795 | Sewer    | Entered a sewer
  2043 | Sewer    | Reached skill level 1 in Armour
  2043 | Sewer    | Reached XP level 6. HP: 47/47 MP: 8/8
  3043 | D:4      | Found a stormy altar of Qazlal.
  3241 | D:4      | Noticed an ice beast
  3268 | D:4      | Killed an ice beast
  3584 | D:4      | You fall into a shaft and drop 3 floors!
  3588 | D:7      | Noticed a cyclops
  3600 | D:7      | Reached XP level 7. HP: 4/53 MP: 9/9
  3600 | D:7      | Demolished by a cyclops

Illustrated notes

Levels and vault maps discovered:
D:1:      sevenhm_arrival_forest_fort_small_5, layout_rooms
D:2:      layout_basic, minivault_14
D:3:      layout_basic, gup_sewer_entry_glass, minmay_strange_pillars,
          uniq_jessica
D:4:      layout_loops_corners, lemuel_crystal_altar, glass_columns_b,
          minmay_manual_mullet
D:7:      layout_loops_corners, mainiacjoe_overflow_boulevard, temple_statues,
          serial_shops, shop, hangedman_abyss_or_decor_stagger

Skill      XL: |  1  2  3  4  5  6 |
---------------+-------------------+-----
Axes           | 3 4 5 |  5.9
Armour         | 1 2 |  2.0
Fighting       | |  3.9
Spellcasting   | |  1.3
Fire Magic     | |  2.4

Action                     |  1- 3 |  4- 6 |  7- 9 || total
---------------------------+-------+-------+-------++-------
  Melee: Hand axe          |   127 |   297 |     1 ||   425
  Throw: Stone             |       |     6 |       ||     6
 Invoke: Fiery Armour      |       |     2 |       ||     2
    Use: Scroll            |     5 |     1 |       ||     6
 Armour: Chain mail        |    47 |       |       ||    47
         Plate armour      |   100 |   287 |     1 ||   388
  Dodge: Dodged            |    50 |    78 |       ||   128

Table legend: (Time is in decaauts)
 A = Elapsed time spent in this place.
 B = Non-inter-level travel time spent in this place.
 C = Inter-level travel time spent in this place.
 D = Time resting spent in this place.
 E = Time spent auto-exploring this place.
 F = Levels seen in this place.
 G = Mean time per level.
                   A        B        C        D        E       F      G
               +--------+--------+--------+--------+--------+-----+--------+
         Total |   3664 |   3509 |    155 |     57 |   2496 |   6 |  610.7 |
       Dungeon |   3049 |   2894 |    155 |     25 |   2212 |   5 |  609.8 |
         Sewer |    615 |    615 |      0 |     32 |    283 |   1 |  615.0 |
               +--------+--------+--------+--------+--------+-----+--------+

Top non-repeatable levels by time:
     D:3: 1088 daAuts
     D:4: 775 daAuts
     D:2: 671 daAuts
   Sewer: 615 daAuts
     D:1: 498 daAuts
     D:7: 15 daAuts
